[Event "Early-Titled-Tuesday-Blitz-April-16-2024"]
[Site "Chess.com"]
[Date "2024.04.16"]
[Round "11"]
[White "kuba2006"]
[Black "KnightDuta"]
[Result "0-1"]
[WhiteElo "2566"]
[BlackElo "2760"]
[TimeControl "180+1"]
[EndTime "10:09:31 PDT"]
[Termination "KnightDuta won by resignation"]

1. e4 c5 2. Nf3 Nc6 3. d4 cxd4 4. Nxd4 Nf6 5. Nc3 e5 6. Ndb5 d6 7. Bg5 a6 8. Bxf6 gxf6 9. Na3 b5 10. Nd5 f5 11. Bd3 Be6 12. c3 Bg7 13. O-O O-O 14.
Qh5 fxe4 15. Bxe4 f5 16. Nf6+ Qxf6 17. Bxc6 Rad8 18. Rad1 d5 19. Rfe1 Rd6 20. c4 Rxc6 21. cxd5 Bf7 22. Qe2 Rd6 23. Nc2 Rxd5 24. Rxd5 Bxd5 25.
Ne3 Bxa2 26. Qd3 e4 27. Qa3 Bf7 28. g3 Rd8 29. Ng2 Qd6 30. Qa5 Bxb2 31. Ne3 Qd2 0-1

[Event "Early-Titled-Tuesday-Blitz-April-16-2024"]
[Site "Chess.com"]
[Date "2024.04.16"]
[Round "11"]
[White "YegoryoCh"]
[Black "Kildepiotr"]
[Result "0-1"]
[WhiteElo "2587"]
[BlackElo "2710"]
[TimeControl "180+1"]
[EndTime "10:09:39 PDT"]
[Termination "Kildepiotr won by resignation"]

1. g4 d5 2. h3 c6 3. Bg2 e5 4. Nc3 h5 5. g5 Qxg5 6. Kf1 Qd8 7. d4 e4 8. Bf4 Bd6 9. Bxd6 Qxd6 10. e3 Ne7 11. Nge2 Ng6 12. Ng3 h4 13. Nh5 Kf8 14. f4 exf3 15. Qxf3 Nd7 16. Ne2 Qe7 17. Nef4 Nxf4 18. exf4 Nf6 19. Re1 Ne4 20. f5 Nd2+ 21. Kf2 Nxf3 22. Rxe7 Kxe7 23. Bxf3 Bxf5 24. Re1+ Kf8 25.
Re5 Bxh3 26. Nf4 Bd7 27. Bg2 Re8 0-1

[Event "Early-Titled-Tuesday-Blitz-April-16-2024"]
[Site "Chess.com"]
[Date "2024.04.16"]
[Round "11"]
[White "bylavochka"]
[Black "Eliwood44"]
[Result "1-0"]
[WhiteElo "2365"]
[BlackElo "2459"]
[TimeControl "180+1"]
[EndTime "10:09:42 PDT"]
[Termination "bylavochka won by checkmate"]

1. e4 e5 2. Nf3 Nc6 3. Bb5 a6 4. Ba4 Nge7 5. O-O Ng6 6. d4 exd4 7. Nxd4 Nxd4 8. Qxd4 b5 9. Bb3 c5 10. Qd5 c4 11. Qxa8 cxb3 12. axb3 Bd6 13. Nc3 O-O 14. Qd5 Qf6 15. Bg5 Qe6 16. Qxe6 dxe6 17. Rfd1 Be5 18. Rd8 b4 19. Rxf8+ Kxf8 20. Na4 h6 21.
Be3 Ke8 22. g3 Ne7 23. f4 Bc7 24. Bb6 Bb8 25. Nc5 g5 26. Nxa6 Bd6 27. e5 gxf4 28.
exd6 Nf5 29. Nc5 fxg3 30. hxg3 Nxd6 31. Rd1 Ke7 32. Bd8+ Kxd8 33. Rxd6+ Ke7 34. Rc6 e5 35. Rxc8 Kd6 36. Ne4+ Kd5 37. Nf6+ Kd4 38. Kf2 h5 39.
Rc4# 1-0

[Event "Early-Titled-Tuesday-Blitz-April-16-2024"]
[Site "Chess.com"]
[Date "2024.04.16"]
[Round "11"]
[White "GelmanAlexander"]
[Black "guillembaches"]
[Result "1-0"]
[WhiteElo "2666"]
[BlackElo "2541"]
[TimeControl "180+1"]
[EndTime "10:09:45 PDT"]
[Termination "GelmanAlexander won by checkmate"]

1. c4 e6 2. Nf3 d5 3. d3 Nf6 4.
Nbd2 Be7 5. e3 O-O 6. b3 b6 7. Bb2 Bb7 8. Rg1 c5 9. g3 Nc6 10. g4 d4 11. g5 Nh5 12. a3 e5 13. Bh3 g6 14. Bg4 Ng7 15. h4 Bc8 16. Bxc8 Rxc8 17. Qe2 a6 18. Ne4 b5 19. Nh2 bxc4 20. bxc4 Rb8 21.
Ng4 Nh5 22. Bc1 dxe3 23. fxe3 Rb3 24. Ngf2 Qd7 25. Qc2 Rfb8 26. Nd2 R3b6 27. Rb1 Nd8 28. Rxb6 Rxb6 29. Nde4 Nb7 30. Nc3 Rd6 31. Nd5 Bd8 32. Ne4 Rc6 33. Qa4 Qe6 34. Rf1 Kg7 35. Bb2 Rc8 36.
Qc2 Nd6 37. Nxd6 Qxd6 38. Qh2 Qc6 39. Qxe5+ Kg8 40. Qh8# 1-0

[Event "Early-Titled-Tuesday-Blitz-April-16-2024"]
[Site "Chess.com"]
[Date "2024.04.16"]
[Round "11"]
[White "Harry_Rakkel"]
[Black "AlexanderKing"]
[Result "0-1"]
[WhiteElo "2712"]
[BlackElo "2588"]
[TimeControl "180+1"]
[EndTime "10:09:50 PDT"]
[Termination "AlexanderKing won by resignation"]

1. e4 e6 2. d4 d5 3. Nc3 Bb4 4. e5 c5 5. a3 Bxc3+ 6. bxc3 Qa5 7. Bd2 Qa4 8. Qb1 c4 9. h4 Nc6 10. h5 Bd7 11. h6 Nxh6 12. Bxh6 gxh6 13. Ne2 O-O-O 14.
Nf4 Qa5 15. Kd2 Nxd4 16. Qb4 Nc6 17. Qxa5 Nxa5 18. Rxh6 Nc6 19. Nh5 Nxe5 20. Nf6 Bc6 21. Ke3 Nd7 22. Nxd7 Kxd7 23. Be2 Rdg8 24. g3 Rg6 25.
Rh4 Rg7 26. Rah1 Kc7 27. Rh6 Kb6 28. Bh5 d4+ 29. cxd4 Bxh1 30. f3 Rxg3 31. Bxf7 Rxf3+ 0-1

[Event "Early-Titled-Tuesday-Blitz-April-16-2024"]
[Site "Chess.com"]
[Date "2024.04.16"]
[Round "11"]
[White "teresin05"]
[Black "ChessSwole"]
[Result "0-1"]
[WhiteElo "2344"]
[BlackElo "2657"]
[TimeControl "180+1"]
[EndTime "10:09:54 PDT"]
[Termination "ChessSwole won by resignation"]

1. e4 e5 2. Nf3 Nc6 3. d4 exd4 4.
Nxd4 Nf6 5. Nxc6 bxc6 6. e5 Qe7 7. Qe2 Nd5 8. g3 f6 9. c4 Ba6 10. exf6 Qxe2+ 11. Bxe2 Nxf6 12. Nc3 Bb4 13. Bd2 O-O 14. O-O-O Rae8 15. Rhe1 d6 16. f4 c5 17. a3 Bxc3 18. Bxc3 Ne4 19. Kc2 g5 20. Bh5 Re7 21. fxg5 Rf2+ 22. Re2 Rxe2+ 23. Bxe2 Nxc3 24. Kxc3 Rxe2 25. h4 Re3+ 26. Rd3 Rxd3+ 27. Kxd3 Kf7 28. b3 Kg6 29. g4 Bc8 30. Ke4 Bxg4 31. Kd5 Bd7 0-1

[Event "Early-Titled-Tuesday-Blitz-April-16-2024"]
[Site "Chess.com"]
[Date "2024.04.16"]
[Round "11"]
[White "GrotBchess"]
[Black "AmanteDeMoi"]
[Result "1/2-1/2"]
[WhiteElo "2460"]
[BlackElo "2584"]
[TimeControl "180+1"]
[EndTime "10:10:00 PDT"]
[Termination "Game drawn by agreement"]

1. e4 g6 2. d4 Bg7 3. Nc3 c6 4. Be3 d5 5. e5 h5 6. h3 Nh6 7. Nf3 Nf5 8. Bf4 b5 9. Ne2 a5 10. Ng3 Na6 11. Bd3 Nc7 12. Nxf5 Bxf5 13. Bxf5 gxf5 14.
e6 Nxe6 15. Be5 f6 16. Bh2 Qd7 17. Qe2 Kf7 18. c3 Ng5 19. Nh4 e6 20. Bf4 a4 21. a3 Rae8 22. O-O Bf8 23. Bxg5 fxg5 24. Nf3 Bd6 25. Nxg5+ Kf6 26. h4 e5 27. dxe5+ Rxe5 28. Qf3 Qe7 29. Rad1 Kg6 30. Qg3 Re4 31. Qh3 1/2-1/2

[Event "Early-Titled-Tuesday-Blitz-April-16-2024"]
[Site "Chess.com"]
[Date "2024.04.16"]
[Round "11"]
[White "NikFil2013"]
[Black "jodarmarlon1985"]
[Result "1/2-1/2"]
[WhiteElo "2396"]
[BlackElo "2289"]
[TimeControl "180+1"]
[EndTime "10:10:00 PDT"]
[Termination "Game drawn by agreement"]

1. d4 Nf6 2. c4 g6 3. Nc3 d5 4.
cxd5 Nxd5 5. e4 Nxc3 6. bxc3 Bg7 7. Nf3 c5 8. h3 O-O 9. Be2 Nc6 10. Be3 cxd4 11.
cxd4 Qa5+ 12. Bd2 Qa3 13. d5 Na5 14. O-O Bd7 15. Rb1 Qxa2 16. Bxa5 Qxa5 17. Rxb7 Ba4 18.
Qd3 Rfe8 19. Rc1 Rab8 20. Rcc7 Rxb7 21. Rxb7 h6 22. Qa6 Qxa6 23. Bxa6 Bc2 24. Bb5 Ra8 25.
Rxe7 Bf6 26. Rd7 Bxe4 27. Bc6 Rd8 28. Rxa7 Bxd5 29. Bxd5 Rxd5 30. Ra2 Rd1+ 31. Kh2 h5 1/2-1/2

[Event "Early-Titled-Tuesday-Blitz-April-16-2024"]
[Site "Chess.com"]
[Date "2024.04.16"]
[Round "11"]
[White "PLAYER_2006_M"]
[Black "Alexchess1984"]
[Result "1-0"]
[WhiteElo "2960"]
[BlackElo "2684"]
[TimeControl "180+1"]
[EndTime "10:10:01 PDT"]
[Termination "PLAYER_2006_M won by resignation"]

1. e4 c5 2. Nf3 g6 3. d4 cxd4 4.
Nxd4 Bg7 5. Nc3 Nc6 6. Be3 d6 7. Bc4 Nf6 8. f3 O-O 9. Bb3 a5 10. h4 h5 11. Qd2 Nxd4 12. Bxd4 Bd7 13. a4 Bc6 14. O-O-O Nd7 15. g4 hxg4 16. h5 Bxd4 17. hxg6 Bg7 18. Qh2 Nf6 19. e5 g3 20. Qxg3 Nd5 21.
Nxd5 Bxd5 22. gxf7+ Bxf7 23. Rdg1 1-0

[Event "Early-Titled-Tuesday-Blitz-April-16-2024"]
[Site "Chess.com"]
[Date "2024.04.16"]
[Round "11"]
[White "Der_Balak_3Halak"]
[Black "PolandHussars"]
[Result "1-0"]
[WhiteElo "2460"]
[BlackElo "2576"]
[TimeControl "180+1"]
[EndTime "10:10:01 PDT"]
[Termination "Der_Balak_3Halak won by resignation"]

1. e4 e5 2. Nf3 Nc6 3. Bb5 g6 4. h4 h6 5. d4 exd4 6. Nxd4 Bg7 7. Nxc6 bxc6 8. Bc4 d6 9. c3 Nf6 10. f3 d5 11. Bb3 O-O 12. O-O Be6 13. e5 Nd7 14.
f4 Qxh4 15. Nd2 Rab8 16. Nf3 Qh5 17. Be3 a5 18. Nd4 Qxd1 19. Raxd1 c5 20. Nc6 Rb6 21. Bxd5 Bxd5 22. Rxd5 Rxc6 23. Rxd7 c4 24. Rfd1 g5 25. g3 Rb8 26. Rd8+ Rxd8 27. Rxd8+ Kh7 28. Rd7 Kg6 29. Kf2 a4 30. Kf3 a3 31. bxa3 Ra6 32. Ke4 gxf4 33. gxf4 f5+ 34. exf6 Bxf6 35. f5+ Kh5 36. Rd2 Kg4 37. Rg2+ Kh3 38. Rg6 h5 39. Bd4 Bxd4 40. Rxa6 Bxc3 41. Rc6 Kg2 42. Rxc4 Bb2 43.
Rc2+ 1-0

[Event "Early-Titled-Tuesday-Blitz-April-16-2024"]
[Site "Chess.com"]
[Date "2024.04.16"]
[Round "11"]
[White "cristiano78"]
[Black "LileKoridze"]
[Result "1/2-1/2"]
[WhiteElo "2273"]
[BlackElo "2370"]
[TimeControl "180+1"]
[EndTime "10:10:03 PDT"]
[Termination "Game drawn by repetition"]

1. d4 Nf6 2. c4 e6 3. Nf3 d5 4.
Nc3 Bb4 5. Bg5 O-O 6. Rc1 h6 7. Bxf6 Qxf6 8. e3 c5 9. dxc5 dxc4 10. Bxc4 Nd7 11. O-O Nxc5 12. a3 Bxc3 13. Rxc3 b6 14. Rc2 Bb7 15. Be2 Rfd8 16. Rd2 Bd5 17. b4 Ne4 18.
Rd4 Nc3 19. Qd2 Nxe2+ 20. Qxe2 Bxf3 21. Rxd8+ Rxd8 22. Qxf3 Qb2 23. Qb7 Qxa3 24. g3 Qxb4 25. Qxa7 Rd5 26. Rc1 Rc5 27. Rd1 Rc8 28. Qb7 Rf8 29.
Rc1 Rd8 30. Rc8 Rxc8 31. Qxc8+ Kh7 32. Qc2+ g6 33. Qc7 Kg7 34. Qe5+ Kg8 35. Qb8+ Kh7 36. Qc7 Kg7 37. Qe5+ Kf8 38. Qh8+ Ke7 39. Qxh6 Qb1+ 40. Kg2 Qe4+ 41. Kg1 Qb1+ 42. Kg2 Qe4+ 43. Kg1 Qb1+ 1/2-1/2

[Event "Early-Titled-Tuesday-Blitz-April-16-2024"]
[Site "Chess.com"]
[Date "2024.04.16"]
[Round "11"]
[White "Hudijegszid"]
[Black "Alexei_Gubajdullin"]
[Result "0-1"]
[WhiteElo "2461"]
[BlackElo "2618"]
[TimeControl "180+1"]
[EndTime "10:10:07 PDT"]
[Termination "Alexei_Gubajdullin won by resignation"]

1. e4 c5 2. Nf3 d6 3. Bb5+ Nd7 4. O-O Nf6 5. Re1 a6 6. Bd3 e6 7.
c3 Be7 8. Bc2 c4 9. b3 b5 10.
bxc4 bxc4 11. Na3 Qc7 12. Qe2 Nb6 13. e5 Nfd5 14. exd6 Bxd6 15. Rb1 O-O 16. d4 cxd3 17. Qxd3 f5 18. c4 Nf4 19. Bxf4 Bxf4 20. Qd4 Nd7 21.
Rxe6 Nc5 22. Reb6 Be6 23. g3 Bh6 24. Ne5 Rad8 25. Qa1 f4 26. Rc6 Qe7 27. Re1 Rd2 28. Nf3 fxg3 29. Nxd2 gxf2+ 30. Kh1 fxe1=Q+ 31. Qxe1 Bd5+ 0-1

[Event "Early-Titled-Tuesday-Blitz-April-16-2024"]
[Site "Chess.com"]
[Date "2024.04.16"]
[Round "11"]
[White "Vahe_Danielyan"]
[Black "vasblesk"]
[Result "1-0"]
[WhiteElo "2637"]
[BlackElo "2808"]
[TimeControl "180+1"]
[EndTime "10:10:09 PDT"]
[Termination "Vahe_Danielyan won by resignation"]

1. Nf3 Nf6 2. g3 g6 3. Bg2 Bg7 4. O-O O-O 5. d4 d5 6. Nc3 c6 7. Bf4 Bf5 8. a4 a5 9. Re1 Na6 10. Nh4 Bg4 11. h3 Be6 12. e4 dxe4 13. Nxe4 Nxe4 14.
Bxe4 Qxd4 15. Qf3 Nc5 16. c3 Qc4 17. Bc2 Bd5 18. Qg4 h5 19. Qe2 Qxe2 20. Rxe2 Rfe8 21. Be3 Nd7 22. f4 Bf6 23. Kf2 Nf8 24. Nf3 Bxf3 25. Kxf3 e6 26. g4 hxg4+ 27. hxg4 e5 28. f5 Kg7 29. g5 gxf5 30. Bxf5 Bd8 31. Rh1 Ng6 32. Reh2 Rg8 33. Rh7+ Kf8 34. Bc5+ Be7 35. Bxg6 Bxc5 36. Bxf7 Rxg5 37. Bb3 Ra7 38. Rf7+ Kg8 39.
Rxb7+ Kf8 40. Rh8+ 1-0

[Event "Early-Titled-Tuesday-Blitz-April-16-2024"]
[Site "Chess.com"]
[Date "2024.04.16"]
[Round "11"]
[White "cthulhuuu"]
[Black "martinmena"]
[Result "1-0"]
[WhiteElo "2428"]
[BlackElo "2175"]
[TimeControl "180+1"]
[EndTime "10:10:09 PDT"]
[Termination "cthulhuuu won by resignation"]

1. e4 c6 2. d3 d5 3. Nd2 e5 4. Ngf3 Bd6 5. d4 exd4 6. exd5 cxd5 7. Nxd4 Nf6 8. Bb5+ Bd7 9. Qe2+ Qe7 10. Bxd7+ Nbxd7 11. Nf5 Qxe2+ 12. Kxe2 Bf8 13. Nb3 g6 14. Nfd4 Bg7 15. f3 O-O 16. Bf4 Nh5 17. Bd6 Rfe8+ 18. Kf2 Rac8 19.
Rhe1 Bf8 20. Bxf8 Kxf8 21. g3 Ng7 22. c3 Nc5 23. Nxc5 Rxc5 24. f4 Re4 25. Rad1 Ke7 26. Re2 f5 27. Red2 Ne6 28. Nb3 Rb5 29. Rxd5 a5 30.
Rxb5 1-0

[Event "Early-Titled-Tuesday-Blitz-April-16-2024"]
[Site "Chess.com"]
[Date "2024.04.16"]
[Round "11"]
[White "LegenDaDaDa"]
[Black "lcmil"]
[Result "1/2-1/2"]
[WhiteElo "2326"]
[BlackElo "2513"]
[TimeControl "180+1"]
[EndTime "10:10:13 PDT"]
[Termination "Game drawn by agreement"]

1. d4 Nf6 2. c4 g6 3. Nc3 Bg7 4. e4 d6 5. Nf3 O-O 6. Be2 e5 7. Be3 Ng4 8. Bg5 f6 9. Bh4 g5 10. Bg3 Nc6 11. d5 Ne7 12. Nd2 Nh6 13. f3 f5 14. Bf2 f4 15. g4 c5 16. h4 Nf7 17. h5 h6 18. a3 Bd7 19. b4 b6 20.
b5 Kh7 21. a4 Nc8 22. Nb3 a5 23. Qc2 Bf6 24. O-O Qc7 25. Kh1 Bd8 26. Nd2 Ne7 27. Rg1 Ng8 28. Nf1 Nf6 29. Nh2 Qc8 30. Bd1 Rg8 31. Rg2 Rg7 32. Be2 Be8 33. Nf1 Ra7 34.
Rh2 Re7 35. Nd2 Bd7 36. Rg1 Re8 37. Nf1 Reg8 38. Nd1 Be7 39. Be1 Bd8 40. Bc3 Be7 41. Nf2 Bd8 42. Qd1 Bc7 43. Qe1 Qa8 1/2-1/2

[Event "Early-Titled-Tuesday-Blitz-April-16-2024"]
[Site "Chess.com"]
[Date "2024.04.16"]
[Round "11"]
[White "BallottiLuca"]
[Black "flawian2008"]
[Result "0-1"]
[WhiteElo "2389"]
[BlackElo "2555"]
[TimeControl "180+1"]
[EndTime "10:10:14 PDT"]
[Termination "flawian2008 won by resignation"]

1. d4 Nf6 2. c4 c5 3. d5 b5 4. cxb5 a6 5. bxa6 g6 6. Nc3 Bg7 7. e4 O-O 8. Nf3 Qa5 9. Bd2 Bxa6 10. Be2 Bxe2 11. Qxe2 Qa6 12. e5 Ne8 13. Qxa6 Nxa6 14.
O-O-O d6 15. Rhe1 Nec7 16. Bf4 Rfd8 17. exd6 exd6 18. Re7 Bf6 19. Re2 Nb4 20. Ne4 Bg7 21.
Nxd6 Ncxd5 22. Bg3 Nxa2+ 23. Kc2 Nab4+ 24. Kb1 Ra6 25. Nc4 Rda8 26. Kc1 Bh6+ 27. Ne3 Nxe3 28. fxe3 Ra1+ 29. Kd2 Rd8+ 30. Nd4 Rxd4+ 0-1

[Event "Early-Titled-Tuesday-Blitz-April-16-2024"]
[Site "Chess.com"]
[Date "2024.04.16"]
[Round "11"]
[White "Mazarini41"]
[Black "campochess"]
[Result "1-0"]
[WhiteElo "2329"]
[BlackElo "2210"]
[TimeControl "180+1"]
[EndTime "10:10:14 PDT"]
[Termination "Mazarini41 won by resignation"]

1. e4 c5 2. Nf3 Nc6 3. d4 cxd4 4. Nxd4 e5 5. Nb5 a6 6. Nd6+ Bxd6 7. Qxd6 Qe7 8. Qd1 Nf6 9. Nc3 d6 10. f3 h6 11. Be3 Be6 12. Qd2 Rd8 13. O-O-O d5 14. exd5 Nxd5 15. Nxd5 Rxd5 16. Qe2 Rxd1+ 17. Qxd1 Bxa2 18.
Bd3 Be6 19. g4 Nd4 20. h4 Qc7 21. g5 hxg5 22. hxg5 Rxh1 23. Qxh1 Kd7 24. f4 Qd6 25. Qxb7+ Ke8 26. fxe5 Qxe5 27. Qa8+ Ke7 28. Qa7+ Ke8 29. Qxd4 Qa5 30. b4 Qc7 31. Bxa6 1-0

[Event "Early-Titled-Tuesday-Blitz-April-16-2024"]
[Site "Chess.com"]
[Date "2024.04.16"]
[Round "11"]
[White "TigrVShlyape"]
[Black "Oleksandr_Bortnyk"]
[Result "0-1"]
[WhiteElo "2940"]
[BlackElo "3056"]
[TimeControl "180+1"]
[EndTime "10:10:17 PDT"]
[Termination "Oleksandr_Bortnyk won on time"]

1. e4 Nf6 2. e5 Nd5 3. d4 d6 4.
Nf3 dxe5 5. Nxe5 c6 6. Be2 Bf5 7. O-O Nd7 8. Nf3 e6 9. c4 N5f6 10. Nc3 Bd6 11. Nh4 Bg6 12. g3 O-O 13. Re1 e5 14.
Be3 exd4 15. Bxd4 Qc7 16. Nxg6 hxg6 17. Qc2 Rad8 18. Rad1 a5 19. a3 Bc5 20. Bxc5 Nxc5 21. b4 Ne6 22. Ne4 Nd4 23. Nxf6+ gxf6 24. Qb2 Qe5 25.
Kg2 axb4 26. axb4 Nf3 27. Qxe5 Nxe1+ 28. Rxe1 fxe5 29. Bf3 Rfe8 30. b5 Re6 31. bxc6 bxc6 32. c5 Rd4 33. Rc1 e4 34. Be2 Re5 35. Ba6 Rdd5 36.
Bb7 Rxc5 37. Rd1 Rc2 38. Kg1 e3 39. fxe3 Rxe3 0-1

[Event "Early-Titled-Tuesday-Blitz-April-16-2024"]
[Site "Chess.com"]
[Date "2024.04.16"]
[Round "11"]
[White "Polish_fighter3000"]
[Black "francyIM"]
[Result "1-0"]
[WhiteElo "3132"]
[BlackElo "2821"]
[TimeControl "180+1"]
[EndTime "10:10:17 PDT"]
[Termination "Polish_fighter3000 won by resignation"]

1. g4 d6 2. Bg2 e5 3. h3 c5 4. d3 Nc6 5. c4 g6 6. Nc3 Bg7 7. Qd2 h6 8. b3 Be6 9. Bb2 Nge7 10. e3 d5 11. Nge2 Rc8 12. e4 dxe4 13. Nxe4 b6 14. O-O-O f5 15. gxf5 gxf5 16. N4g3 h5 17. h4 Ng6 18. Kb1 Nd4 19. f4 Nxe2 20. Nxe2 Bh6 21. Bf3 Nxf4 22. Bxe5 Ng6 23. Qc3 Nxe5 24. Qxe5 Kd7 25. d4 Qc7 26. dxc5+ Ke7 27.
Rd6 1-0

[Event "Early-Titled-Tuesday-Blitz-April-16-2024"]
[Site "Chess.com"]
[Date "2024.04.16"]
[Round "11"]
[White "dontcatchmeifyoucant"]
[Black "Slovineanu"]
[Result "1-0"]
[WhiteElo "2301"]
[BlackElo "2492"]
[TimeControl "180+1"]
[EndTime "10:10:17 PDT"]
[Termination "dontcatchmeifyoucant won by resignation"]

1. e4 c6 2. d4 d5 3. e5 Bf5 4. Nd2 e6 5. Nb3 Nd7 6. Nf3 a6 7. Be3 h6 8. Bd3 Ne7 9. O-O Qc7 10. c3 g5 11. Ne1 c5 12. Nxc5 Nxc5 13. dxc5 Bg7 14. Nf3 g4 15. Nd4 Bxd3 16. Qxd3 Bxe5 17. f4 Bxd4 18. Bxd4 Nf5 19. Bxh8 Qxc5+ 20. Bd4 Qc7 21. Qe2 h5 22. Qe5 Qxe5 23. Bxe5 b5 24. a4 Rb8 25.
axb5 Rxb5 26. b4 Rb6 27. Ra4 Ke7 28. Rfa1 f6 29. Bd4 1-0

[Event "Early-Titled-Tuesday-Blitz-April-16-2024"]
[Site "Chess.com"]
[Date "2024.04.16"]
[Round "11"]
[White "temus_galaktionov"]
[Black "dropstoneDP"]
[Result "1/2-1/2"]
[WhiteElo "2862"]
[BlackElo "3056"]
[TimeControl "180+1"]
[EndTime "10:10:19 PDT"]
[Termination "Game drawn by repetition"]

1. d4 d5 2. c4 dxc4 3. e3 Nf6 4. Bxc4 e6 5. Nf3 a6 6. O-O c5 7.
dxc5 Bxc5 8. Qxd8+ Kxd8 9. Rd1+ Ke7 10. Nbd2 Rd8 11. Be2 Nc6 12. Ne1 Ne5 13. b3 Bd7 14. Bb2 Bd6 15. Nd3 Nxd3 16. Bxd3 Bb5 17. Nc4 Bxc4 18.
Bxc4 g6 19. h3 Rac8 20. Rac1 Ne4 21. Kf1 f5 22. Ke2 Nc5 23. Bd3 Nxd3 24. Rxd3 Rxc1 25. Bxc1 Rc8 26. Kd1 e5 27. Bb2 e4 28. Rc3 Rxc3 29. Bxc3 Ke6 30. Ke2 h5 31. f3 Kd5 32. f4 b5 33. h4 Bc7 34. g3 a5 35. Kd2 a4 36.
Ke2 axb3 37. axb3 Bd6 38. Kd2 Bc5 39. Ke2 Bd6 40. Kd2 Bc5 41. Ke2 Be7 42. Kd2 Ba3 43.
Ke2 Bd6 1/2-1/2

[Event "Early-Titled-Tuesday-Blitz-April-16-2024"]
[Site "Chess.com"]
[Date "2024.04.16"]
[Round "11"]
[White "Lion-Al-Messi"]
[Black "Veleamater"]
[Result "1-0"]
[WhiteElo "2580"]
[BlackElo "2422"]
[TimeControl "180+1"]
[EndTime "10:10:20 PDT"]
[Termination "Lion-Al-Messi won by resignation"]

1. e4 d6 2. d4 g6 3. Nc3 Bg7 4. Be3 Nf6 5. Qd2 O-O 6. h4 Nc6 7. f3 a6 8. g4 h5 9. g5 Nd7 10. f4 e5 11. fxe5 dxe5 12. d5 Nd4 13. O-O-O b5 14.
Nce2 Nxe2+ 15. Nxe2 Nb6 16. Bxb6 cxb6 17. Ng3 Bg4 18. Be2 Bxe2 19. Qxe2 Qd6 20. Kb1 Rac8 21. Rhf1 Rc4 22. b3 Rc5 23. Qf2 f5 24. exf5 Rxd5 25.
Rxd5 Qxd5 26. f6 Rf7 27. Qxb6 Bf8 28. Qe3 Ba3 29. Qe4 Qc5 30. Qxg6+ Kf8 31. Rd1 Qc8 32. Qh6+ Ke8 33. Qh8+ Rf8 34. f7+ Kxf7 35. Qf6+ Kg8 36. Qg6+ Kh8 37. Qxh5+ Kg8 38. Qg6+ Kh8 39. Qh6+ Kg8 40.
Nh5 Qc7 41. Nf6+ Rxf6 42. gxf6 1-0

[Event "Early-Titled-Tuesday-Blitz-April-16-2024"]
[Site "Chess.com"]
[Date "2024.04.16"]
[Round "11"]
[White "WiktoriaPOL"]
[Black "stolencandy13"]
[Result "0-1"]
[WhiteElo "2396"]
[BlackElo "2562"]
[TimeControl "180+1"]
[EndTime "10:10:24 PDT"]
[Termination "stolencandy13 won by resignation"]

1. c4 f5 2. Nc3 Nf6 3. g3 e5 4.
Bg2 Nc6 5. Nf3 Be7 6. d4 e4 7. Nh4 d5 8. cxd5 Nxd5 9. e3 O-O 10. Bd2 Be6 11. Bf1 Bxh4 12. gxh4 Qxh4 13. Bc4 Ncb4 14. Qb3 c6 15. Ne2 b5 16. Bxb4 bxc4 17. Qxc4 Nf4 18. Qxc6 Bd5 19. Qc5 Nd3+ 0-1

[Event "Early-Titled-Tuesday-Blitz-April-16-2024"]
[Site "Chess.com"]
[Date "2024.04.16"]
[Round "11"]
[White "scarabee43"]
[Black "MomchilPetkov"]
[Result "1-0"]
[WhiteElo "2840"]
[BlackElo "2922"]
[TimeControl "180+1"]
[EndTime "10:10:25 PDT"]
[Termination "scarabee43 won by resignation"]

1. Nf3 d5 2. e3 Nf6 3. c4 e6 4. b3 Bd6 5. Bb2 O-O 6. Be2 Nc6 7. Nc3 dxc4 8. bxc4 e5 9. O-O Re8 10.
d3 h6 11. Nd2 Bf5 12. Qb3 Qd7 13. Rad1 a6 14. Nde4 Be7 15. Nxf6+ Bxf6 16. Nd5 Bd8 17. Bc3 Rb8 18. a4 Be6 19. Bf3 f6 20. d4 exd4 21. exd4 Bg4 22. Bxg4 Qxg4 23. h3 Qd7 24. Rfe1 Be7 25.
c5 Kh8 26. Nf4 Qf5 27. Ne6 b6 28. Nxc7 bxc5 29. Qe6 Qxe6 30. Rxe6 Rec8 31. Rxc6 Rb7 32. d5 Rbxc7 33. Rxc7 Rxc7 34. d6 Bxd6 35. Rxd6 Rb7 36. Rxa6 Rb1+ 37. Kh2 Rc1 38. Bd2 Rc2 39. Be3 c4 40. Rc6 c3 41. a5 Ra2 42. a6 c2 43.
a7 Kh7 44. Rxc2 1-0

[Event "Early-Titled-Tuesday-Blitz-April-16-2024"]
[Site "Chess.com"]
[Date "2024.04.16"]
[Round "11"]
[White "Likvidator228"]
[Black "cansun"]
[Result "1-0"]
[WhiteElo "2527"]
[BlackElo "2382"]
[TimeControl "180+1"]
[EndTime "10:10:27 PDT"]
[Termination "Likvidator228 won by resignation"]

1. c4 c5 2. g3 g6 3. Bg2 Bg7 4. Nc3 Nc6 5. e3 e6 6. Nge2 Nge7 7. d4 cxd4 8. Nxd4 Nxd4 9. exd4 d5 10. cxd5 Nxd5 11. Nxd5 exd5 12. Qe2+ Be6 13. Qb5+ Qd7 14. Qxd7+ Kxd7 15. Be3 Rac8 16. Kd2 Rc6 17. Rac1 Rhc8 18.
Rxc6 Rxc6 19. h4 h5 20. Bf3 Rc4 21. Rc1 Bxd4 22. Rxc4 Bxe3+ 23. Kxe3 dxc4 24. Bxb7 c3 25. b3 Bf5 26. Ba6 Bb1 27. a3 Bf5 28. Bd3 c2 29.
Bxf5+ gxf5 30. Kd2 Kd6 31. Kxc2 Ke5 32. Kd3 f4 33. b4 Kf5 34. b5 Kg4 35. a4 fxg3 36.
fxg3 Kxg3 37. a5 f5 38. b6 axb6 39. axb6 f4 40. b7 f3 41. b8=Q+ Kg2 42. Qg8+ Kh1 43. Ke3 1-0

[Event "Early-Titled-Tuesday-Blitz-April-16-2024"]
[Site "Chess.com"]
[Date "2024.04.16"]
[Round "11"]
[White "Root_21"]
[Black "SahibSinghKnight"]
[Result "1-0"]
[WhiteElo "2652"]
[BlackElo "2637"]
[TimeControl "180+1"]
[EndTime "10:10:28 PDT"]
[Termination "Root_21 won by resignation"]

1. e4 e6 2. d4 d5 3. Nc3 Nf6 4. Bg5 Bb4 5. e5 h6 6. Bc1 Ne4 7. Qg4 g6 8. Ne2 c5 9. a3 Bxc3+ 10. Nxc3 Qa5 11. b4 cxb4 12. Nxe4 dxe4 13. Bd2 Qd5 14. Bxb4 Nc6 15. Rd1 a5 16. c4 Qd8 17. Bd6 a4 18.
Qxe4 Bd7 19. Bd3 Qa5+ 20. Rd2 Qb6 21. Bc5 Qa5 22. Qf4 b6 23. Bd6 f5 24. exf6 Kf7 25.
O-O Qc3 26. d5 Nd4 27. Qg3 Nf5 28. Bxf5 Qxg3 29. Bxe6+ Bxe6 30. dxe6+ Kxe6 31. hxg3 1-0

[Event "Early-Titled-Tuesday-Blitz-April-16-2024"]
[Site "Chess.com"]
[Date "2024.04.16"]
[Round "11"]
[White "lrjchess"]
[Black "HanSchut"]
[Result "1-0"]
[WhiteElo "2482"]
[BlackElo "2321"]
[TimeControl "180+1"]
[EndTime "10:10:28 PDT"]
[Termination "lrjchess won by resignation"]

1. e4 c5 2. b3 d5 3. exd5 Nf6 4. c4 e6 5. dxe6 Bxe6 6. Bb2 Nc6 7. Nf3 Be7 8. Be2 O-O 9. O-O Qd7 10. d4 cxd4 11.
Nxd4 Nxd4 12. Qxd4 Rad8 13. Qxd7 Rxd7 14. Bf3 Rfd8 15. Ba3 Bg4 16. Bxe7 Rxe7 17. Bxg4 Nxg4 18. Nc3 Rd2 19. Rad1 Red7 20. Rxd2 Rxd2 21. Rd1 Rxd1+ 22. Nxd1 Kf8 23. f3 Ne5 24. Nb2 Ke7 25. Kf2 Kd6 26.
Ke3 b6 27. Nd3 Nc6 28. Ke4 g6 29. g4 Ne7 30. g5 Ng8 31. f4 f6 32. b4 f5+ 33. Kd4 Ne7 34. Ne5 a6 35. a4 Ke6 36.
c5 bxc5+ 37. bxc5 Nd5 38. Nd3 Nc7 39. Nb4 a5 40. Nc6 Nd5 41. Nd8+ 1-0

[Event "Early-Titled-Tuesday-Blitz-April-16-2024"]
[Site "Chess.com"]
[Date "2024.04.16"]
[Round "11"]
[White "PonyQueen07"]
[Black "Heinza9"]
[Result "0-1"]
[WhiteElo "2200"]
[BlackElo "2326"]
[TimeControl "180+1"]
[EndTime "10:10:28 PDT"]
[Termination "Heinza9 won by checkmate"]

1. c4 f5 2. Nc3 Nf6 3. g3 g6 4.
Bg2 Bg7 5. Nf3 O-O 6. O-O d6 7. d4 Qe8 8. Bf4 c6 9. Qd2 Nh5 10. Bh6 e5 11. Bxg7 Nxg7 12. dxe5 dxe5 13. e3 e4 14. Nd4 Nd7 15. Rad1 Ne5 16. b3 Bd7 17. Nde2 Rd8 18. Qc2 g5 19. Rd6 Nf3+ 20. Kh1 Qh5 21. h3 f4 22. Rxd7 Rxd7 23. Qxe4 Nd2 24. Qc2 f3 25. Rd1 fxg2+ 26. Kxg2 Qf3+ 27. Kh2 Qxf2+ 28.
Kh1 Nf3 29. Nd4 Qxc2 30. Nxc2 Rxd1+ 31. Nxd1 Rd8 32. Nc3 Rd2 33. Nd4 Rh2# 0-1